 Dungeon Crawl Stone Soup version bcrawl-1.34.4 (webtiles) character file.

Game seed: 7460222618708139216

105334 KristoblXynda the Cutter (level 3, 0/27 HPs)
             Began as a Kobold Gladiator on Oct 21, 2021.
             Shot with a sling bullet by Ijyb (3 damage)
             ... on level 2 of the Dungeon.
             The game lasted 00:03:10 (1426 turns).

KristoblXynda the Cutter (Kobold Gladiator)         Turns: 1426, Time: 00:03:10

Health: 0/27       AC:  4    Str: 11    XL:     3   Next: 72%
Magic:  6/12       EV: 16    Int: 10    God:
Gold:   89         SH:  0    Dex: 16    Spells: 2/2 levels left

rFire    . . .     SeeInvis .   a - +0 rapier
rCold    . . .     Gourm    .   (shield restricted)
rNeg     . . .     Faith    .   b - +0 leather armour
rPois    .         Spirit   .   c - +0 helmet
rElec    .         Reflect  .   (no cloak)
rCorr    .         Harm     .   (no gloves)
MR       .....                  (no boots)
Stlth    +.........             (no amulet)
HPRegen  0.09/turn              g - ring of magical power
MPRegen  0.13/turn              (no ring)

@: lethally poisoned (0 -> -21)
A: small, talons 1, carnivore, mutation resistance 1, sense surroundings 2
a: no special abilities


You were on level 2 of the Dungeon.
You were full.

You visited 1 branch of the dungeon, and saw 2 of its levels.

You collected 89 gold pieces.

Inventory:

Hand Weapons
 a - a +0 rapier (weapon)
Armour
 b - a +0 leather armour (worn)
 c - a +0 helmet (worn)
Jewellery
 g - a ring of magical power (left hand)
Scrolls
 h - 4 scrolls of blinking
 i - a scroll of teleportation {unknown}
 m - 2 scrolls of immolation {unknown}
 n - a scroll of remove curse {unknown}
Potions
 f - a potion of heal wounds
 l - a potion of flight {unknown}
Comestibles
 e - 4 rations {!d}


   Skills:
 + Level 3.8 Fighting
 + Level 4.7 Short Blades
 + Level 3.0 Throwing
 + Level 0.5 Armour
 + Level 3.9 Dodging
 - Level 0.4 Stealth


You had 2 spell levels left.
You didn't know any spells.
Your spell library was empty.

Dungeon Overview and Level Annotations

Branches:
Dungeon (2/12)

Altars:
Makhleb
Xom

Annotations:
D:2 Ijyb


Innate Abilities, Weirdness & Mutations

You are small and have problems with some larger weapons.
You have sharp toenails.
You are carnivorous and can eat meat at any time.
You are somewhat resistant to further mutation.
You passively map the area around you.


Message History

Aim: Ijyb, wielding a +0 dagger of venom, wearing a +1 leather armour of magic resistance, quivering 381 sling bullets and carrying a wand of polymorph (12) (lightly wounded)
You throw a throwing net {=f}.
The throwing net {=f} closely misses Ijyb.
You feel sick. Ijyb hits you but does no damage.
You are more poisoned.
You closely miss Ijyb.
Ijyb is lightly wounded.
You feel sick. Ijyb closely misses you.
* * * LOW HITPOINT WARNING * * *
You feel sick. Ijyb closely misses you.
* * * LOW HITPOINT WARNING * * *
You feel sick. Ijyb screams, "I dance on your bones!"
Ijyb zaps a wand.
You resist with significant effort.
* * * LOW HITPOINT WARNING * * *
You feel sick.
Ijyb unwields a +0 dagger of venom.
It stops dripping with poison.
Ijyb wields a +1 hunting sling of freezing.
It is covered in frost.
Ijyb shoots a sling bullet.
The sling bullet hits you.
You die...

#.. #.#####.# #######.#
#.####)#####g# #...#
#......##....# #<###
.8.8g#######.###########.#
......######'#####...>...#
...g.........(.).(.#######
...................#
...................#
................@..#
.8.8...............# *
#...........g.#
#............##
#............#
############


You could see Ijyb.

Vanquished Creatures
  2 worms (D:2)
  A dart slug (D:2)
  2 ball pythons (D:1)
  A bat (D:2)
  2 giant cockroaches
  9 goblins
  A hobgoblin (D:1)
  A quokka (D:1)
  A frilled lizard (D:1)
  7 kobolds
  4 rats
31 creatures vanquished.

Notes
Turn   | Place    | Note
-------+----------+-------------------------------------------
     0 | D:1      | KristoblXynda the Kobold Gladiator began the quest for the
                  | Orb.
     0 | D:1      | Reached XP level 1. HP: 16/16 MP: 1/1
   197 | D:1      | Reached XP level 2. HP: 21/21 MP: 2/2
   638 | D:2      | Found a shimmering altar of Xom.
   899 | D:2      | Reached XP level 3. HP: 27/27 MP: 3/3
  1137 | D:2      | Found a burning altar of Makhleb.
  1334 | D:2      | Noticed Ijyb
  1426 | D:2      | Shot with a sling bullet by Ijyb

Skill      XL: |  1  2  3 |
---------------+----------+-----
Throwing       | 3 |  3.0
Fighting       | |  3.8
Short Blades   | |  4.7
Armour         | |  0.5
Dodging        | |  3.9
Stealth        | |  0.4

Action                   || total
-------------------------++-------
Melee: Rapier            ||    78
       Kick              ||    23
       Unarmed           ||     1
Throw: Throwing net      ||     5
  Use: Scroll            ||     4
       Potion            ||     2
 Stab: Sleeping          ||     1
  Eat: Chunk             ||     8
Armor: Leather armour    ||     9
Dodge: Dodged            ||    68
